 Dungeon Crawl Stone Soup version 0.20.0-15-g7f486f2 (webtiles) character file.

386 dobroeutro the Chopper (level 6, 0/47 HPs)
             Began as a Demonspawn Fighter on June 20, 2017.
             Killed from afar by Ijyb (11 damage)
             ... with a wand of flame (?/48)
             ... on level 4 of the Dungeon.
             The game lasted 00:02:34 (2117 turns).

dobroeutro the Chopper (Demonspawn Fighter)         Turns: 2117, Time: 00:02:35

Health: 0/47       AC:  6    Str: 18    XL:     6   Next: 48%
Magic:  6/6        EV:  7    Int:  9    God:
Gold:   210        SH:  9    Dex: 13    Spells: 5/5 levels left

rFire    . . .     SeeInvis .   x - +0 flail (protect)
rCold    + . .     Gourm    .   c - +0 shield
rNeg     . . .     Faith    .   b - +0 scale mail
rPois    .         Spirit   .   (no helmet)
rElec    .         Reflect  .   (no cloak)
rCorr    .         Harm     .   (no gloves)
MR       .....     Rnd*Tele +   (no boots)
Stlth    ..........             p - amulet of regeneration
Regen    0.6/turn               h - ring of teleportation (curse)
MPRegen  0.1/turn               (no ring)

@: no status effects
A: claws 1, cold resistance 1
a: no special abilities


You were on level 4 of the Dungeon.
You were hungry.

You visited 1 branch of the dungeon, and saw 4 of its levels.

You collected 210 gold pieces.

Inventory:

Hand Weapons
 a - a +0 war axe
 x - a +0 flail of protection (weapon)
Armour
 b - a +0 scale mail (worn)
 c - a +0 shield (worn)
Jewellery
 h - a cursed ring of teleportation (left claw)
 p - an amulet of regeneration (around neck)
Scrolls
 g - 3 scrolls of enchant armour {unknown}
 i - 3 scrolls of identify {unknown}
 j - a scroll of immolation {unknown}
 n - a scroll of enchant weapon {unknown}
 o - a scroll of remove curse {unknown}
 q - a scroll of random uselessness {unknown}
 s - 3 scrolls of amnesia {unknown}
 t - 2 scrolls of blinking {unknown}
 w - a scroll of recharging {unknown}
 y - a scroll of fog {unknown}
 z - 2 scrolls of teleportation {unknown}
Potions
 d - a potion of might
 e - 2 potions of heal wounds {unknown}
 r - a potion of curing {unknown}
 u - a potion of invisibility {unknown}
 v - a potion of mutation {unknown}
 A - a potion of brilliance {unknown}
 B - a potion of magic {unknown}
Comestibles
 f - 4 bread rations
 k - a meat ration
 l - 2 royal jellies
 m - a fruit


   Skills:
 - Level 3.0 Fighting
 + Level 6.4 Axes
 - Level 2.6 Armour
 - Level 2.6 Shields


You had 5 spell levels left.
You didn't know any spells.

Dungeon Overview and Level Annotations

Branches:
Dungeon (4/15)
 Temple: D:4-7

Altars:

Annotations:
D:4 Ijyb


Innate Abilities, Weirdness & Mutations

You have sharp fingernails.
Your flesh is cold resistant. (rC+)


Message History

You block Ijyb's attack.
You barely miss Ijyb.
Ijyb is almost dead.
Ijyb hits you with a dagger.
* * * LOW HITPOINT WARNING * * *
Ijyb zaps a wand.
You block the puff of flame.
You barely miss Ijyb.
Ijyb is almost dead.
Ijyb hits you with a dagger.
* * * LOW HITPOINT WARNING * * *
You miss Ijyb.
Ijyb is almost dead.
Ijyb hits you with a dagger.
* * * LOW HITPOINT WARNING * * *
Your shield prevents you from hitting Ijyb.
Ijyb is almost dead.
Ijyb hits you with a dagger.
* * * LOW HITPOINT WARNING * * *
Ijyb zaps a wand.
The puff of flame hits you!
You die...

###..#
###....
#.....#
####.....#
#........#
#.....#
#....<#
###.###
#@# #g#
g...>...#
...######


You could see Ijyb.

Vanquished Creatures
  Grinder (D:3)
  An orc wizard (D:3)
  2 worker ants (D:3)
  2 adders
  3 worms
  2 dart slugs
  5 leopard geckos
  15 orcs (D:3)
  8 bats
  4 giant cockroaches
  10 goblins
  7 hobgoblins
  7 kobolds
  4 frilled lizards
  10 rats
81 creatures vanquished.

Notes
Turn   | Place    | Note
-------+----------+-------------------------------------------
     0 | D:1      | dobroeutro the Demonspawn Fighter began the quest for the Orb.
     0 | D:1      | Reached XP level 1. HP: 18/18 MP: 1/1
    25 | D:1      | Reached skill level 2 in Axes
   179 | D:1      | Gained mutation: Your flesh is cold resistant. (rC+) [demonic ancestry]
   179 | D:1      | Reached XP level 2. HP: 17/24 MP: 2/2
   421 | D:1      | Reached skill level 3 in Axes
   568 | D:1      | Gained mutation: You have sharp fingernails. [demonic ancestry]
   568 | D:1      | Reached XP level 3. HP: 29/29 MP: 3/3
  1369 | D:3      | Reached skill level 4 in Axes
  1369 | D:3      | Reached XP level 4. HP: 21/35 MP: 4/4
  1521 | D:3      | Reached XP level 5. HP: 41/41 MP: 5/5
  1708 | D:3      | Reached skill level 5 in Axes
  1835 | D:3      | Noticed Grinder
  1975 | D:3      | Paralysed by Grinder for 6 turns
  2072 | D:3      | Killed Grinder
  2072 | D:3      | Reached skill level 6 in Axes
  2072 | D:3      | Reached XP level 6. HP: 12/47 MP: 6/6
  2096 | D:4      | Noticed Ijyb
  2117 | D:4      | Killed from afar by Ijyb

Skill      XL: |  1  2  3  4  5 |
---------------+----------------+-----
Axes           | 2 3 4 6 |  6.4
Fighting       | |  3.0
Armour         | |  2.6
Shields        | |  2.6

Action                   |  1- 3 |  4- 6 || total
-------------------------+-------+-------++-------
Melee: War axe           |   139 |    18 ||   157
       Flail             |       |   131 ||   131
  Eat: Chunk             |     2 |     2 ||     4
Armor: Scale mail        |    83 |    55 ||   138
Dodge: Dodged            |    49 |    41 ||    90
Block: Shield            |    81 |    48 ||   129
